 Dungeon Crawl Stone Soup version 0.29.0-11-gd7f09526c8 (webtiles) character file.

Game seed: 3178726265349492903

4651 AttackTheMoon the Fighter (level 10, -13/79 (80) HPs)
             Began as a Human Delver on Sept 3, 2022.
             Was a Believer of Ashenzari.
             Killed by divine providence
             ... invoked by an orc priest
              (16 damage)
             ... on level 9 of the Dungeon.
             The game lasted 00:18:19 (10577 turns).

AttackTheMoon the Fighter (Human Delver)           Turns: 10577, Time: 00:18:19

HP:   -13/79 (80)   AC: 15    Str: 16    XL:     10   Next: 71%
MP:   17/17         EV: 10    Int: 22    God:    Ashenzari [**....]
Gold: 1388          SH:  0    Dex: 19    Spells: 18/18 levels left

rFire   x . .      SeeInvis +   h - +7 long sword of Toth-Mos's Legacy {vorpal, rPois Will- Int+3 Dex+5, Fort, Elem} (curse)
rCold   + . .      Faith    .   (no shield)
rNeg    . . .      Spirit   .   s - +2 chain mail of Ashenzari's Malaise {rPois rCorr Int+7 Stlth-, Cun, Fort} (curse)
rPois   +          Reflect  .   i - +1 helmet of Ashenzari's Gloom {Fort, Cun} (curse)
rElec   .          Harm     .   (no cloak)
rCorr   +          Rampage  .   (no gloves)
Will    .....                   (no boots)
Stlth   ..........              (no amulet)
HPRegen 0.23/turn               y - ring of ice
MPRegen 0.15/turn               (no ring)

@: mighty, lightly drained
A: no striking features
a: Renounce Religion, Shatter the Chains


You were on level 9 of the Dungeon.
You worshipped Ashenzari.
Ashenzari was pleased with you.
You visited 2 branches of the dungeon, and saw 10 of its levels.

You collected 1388 gold pieces.

Inventory:

Hand Weapons
 a - a +1 falchion
 h - the cursed +7 long sword of Toth-Mos's Legacy (weapon) {vorpal, rPois Will- Int+3 Dex+5, Fort, Elem}
   (You found it on level 4 of the Dungeon)

   It inflicts extra damage upon your enemies.
   Int:       It affects your intelligence (+3).
   Dex:       It affects your dexterity (+5).
   rPois:     It protects you from poison.
   Will:      It decreases your willpower.
   It has a curse which improves the following skills: Fortitude: Armour and
   Shields.
   Elements:  Fire Magic, Ice Magic, Air Magic and Earth Magic.
Missiles
 n - a silver javelin (quivered)
Armour
 b - a +0 leather armour
 i - the cursed +1 helmet of Ashenzari's Gloom (worn) {Fort, Cun}
   (You took it off Robin on level 3 of the Dungeon)

   It has a curse which improves the following skills: Fortitude: Armour and
   Shields.
   Cunning:   Dodging and Stealth.
 s - the cursed +2 chain mail of Ashenzari's Malaise (worn) {rPois rCorr Int+7 Stlth-, Cun, Fort}
   (You acquired it on level 5 of the Dungeon)

   Int:       It affects your intelligence (+7).
   rPois:     It protects you from poison.
   rCorr:     It protects you from acid and corrosion.
   Stlth:     It makes you less stealthy.
   It has a curse which improves the following skills: Cunning: Dodging and
   Stealth.
   Fortitude: Armour and Shields.
Jewellery
 y - a ring of ice (left hand)
Wands
 g - a wand of digging (3)
Scrolls
 c - a scroll of fog
 d - 2 scrolls of magic mapping
 f - a scroll of enchant weapon
 j - 2 scrolls of poison
 m - 4 scrolls of fear
 o - 2 scrolls of amnesia
 u - 3 scrolls of noise
 x - a scroll of butterflies
Potions
 e - a potion of cancellation
 k - 3 potions of curing
 p - 2 potions of attraction
 q - 3 potions of brilliance
 r - a potion of lignification
 t - a potion of flight
 v - a potion of magic
 z - a potion of resistance


   Skills:
 + Level 8.0 Fighting
 + Level 7.7 Long Blades
 + Level 5.2(7.7) Armour
 - Level 5.8(7.7) Dodging
 - Level 5.0(6.8) Stealth
 + Level 4.9 Spellcasting
 + Level 4.7 Summonings


You had 18 spell levels left.
You didn't know any spells.
Your spell library contained the following spells:

 Spells                   Type           Power      Damage    Failure   Level
 Summon Small Mammal      Summ           100%       N/A       19%         1
 Call Canine Familiar     Summ           26%        N/A       50%         3
 Foxfire                  Conj/Fire      20%        2x1d5     77%         1
 Freeze                   Ice            36%        1d6       77%         1
 Necrotise                Necr           20%        1d5       78%         1
 Summon Guardian Golem    Hex/Summ       15%        N/A       82%         3
 Conjure Flame            Conj/Fire      5%         6-21      98%         3
 Frozen Ramparts          Ice            18%        1d3       98%         3
 Ignite Poison            Fire/Tmut/Pois 5%         N/A       98%         3
 Inner Flame              Hex/Fire       5%         N/A       98%         3
 Vampiric Draining        Necr           5%         2d6       98%         3
 Summon Ice Beast         Ice/Summ       24%        N/A       99%         4
 Anguish                  Hex/Necr       2%         N/A       100%        4
 Flame Wave               Conj/Fire      5%         2d5       100%        4
 Hailstorm                Conj/Ice       8%         3d4       100%        4
 Ice Form                 Ice/Tmut       8%         N/A       100%        4
 Sticky Flame             Conj/Fire      5%         2d3       100%        4
 Agony                    Necr           5%         N/A       100%        5
 Freezing Cloud           Conj/Ice/Air   4%         6-21      100%        5
 Simulacrum               Ice/Necr       4%         N/A       100%        6
 Enfeeble                 Hex            2%         N/A       100%        7
 Polar Vortex             Ice            4%         N/A       100%        9


Dungeon Overview and Level Annotations

Branches:
Dungeon (9/15)             Temple (1/1) D:6
   Lair: D:8-11         Orc: D:9-12

Altars:
Ashenzari
Cheibriados
Dithmenos
Elyvilon
Fedhas
Gozag
Hepliaklqana
Kikubaaqudgha
Makhleb
Nemelex Xobeh
Okawaru
Qazlal
Ru
Sif Muna
Trog
Uskayaw
Vehumet
Wu Jian
Xom
Yredelemnul
Zin
The Shining One

Shops:
D:3 (

Annotations:
D:4 2 transporters, RogueRain17's ghost, novice MeCA


Message History

The shadow imp laughs crazily.
As you read the scroll of teleportation, it crumbles to dust.
You feel strangely unstable.
The centaur shoots an arrow.
Your surroundings suddenly seem different.
An orc wizard comes into view. It is wielding a +0 dagger.
Found a Grand Grimoire.
The orc wizard shouts!
You hear a shout!
Prince Ribbit and an orc priest come into view.
The orc priest is wielding a +2 whip of draining.
Found 8 gold pieces.
Prince Ribbit gives a loud, deep croak!
The orc priest shouts!
The orc priest moves out of view.
Prince Ribbit gives a loud, deep croak!
Prince Ribbit gives a loud, deep croak!
You open the door.
You flicker for a moment.
Prince Ribbit gives a loud, deep croak!
Prince Ribbit hits you.
* * * LOW HITPOINT WARNING * * *
Found 21 gold pieces.
An orc warrior comes into view.
It is wielding a +0 dire flail and wearing a +2 chain mail of cold resistance.
You feel very mighty all of a sudden. Prince Ribbit closely misses you.
Prince Ribbit completely misses you.
You slash Prince Ribbit! Your punch misses Prince Ribbit.
Prince Ribbit is heavily wounded.
You hear the faint creaking of a portcullis very nearby.
Prince Ribbit misses you.
You slice Prince Ribbit!!
You kill Prince Ribbit!
The orc warrior shouts!
Your Fighting skill increases to level 8!
You flicker back into view.
The orc warrior shouts!
You hear a shout!
The orc priest looks braver for a moment.
You see here 8 gold pieces.
Found a stone staircase leading down.
The orc priest mumbles some strange prayers to Beogh against you.
Beogh smites you!
You die...

***** * *...#** *************
###### #...#*, *,,,,,,,,,,,*
#....# #...#*, *,,,,,,**,*,*
#....# #...#,, *,,,,,,**,*,*
#....# #...#,.
*,,,,,,****,####....####...#..
*,,,,,,+,,*,#...$..o.......'..
*,,,,,,**,*,#@###+###......#..
*,,,,,,**,*,#>.$....o.........
*,,,,,,**,*,#.#######....#....
*********,,,...,,...:....#,##.
***,##.**###.#####,**,
*,**.#***#.* *,**,
********+**.#*,,..*****+**,
*****,,,,,,,,,,.#**...,,,,,,,,,
*,,,,,,,,,,,,,,,* *,,,,,,,,,,,,


You could see an orc warrior and an orc priest.

Vanquished Creatures
  Maggie (D:6)
  Prince Ribbit (D:9)
  Sigmund (D:6)
  A wraith (D:9)
  Menkaure (Temple)
  A water moccasin (D:7)
  Duvessa (D:4)
  The ghost of bigduke15 the Shield-Bearer, an amateur TrFi of Ashenzari (D:3)
  An ice beast (D:7)
  3 sky beasts
  3 black bears
  4 centaurs
  A phantom (D:6)
  3 kobold brigands
  2 bullfrogs (D:8)
  2 necrophages
  2 scorpions (D:6)
  A gnoll sergeant (D:5)
  10 wights
  Dowan (D:4)
  3 howler monkeys
  A crimson imp (D:6)
  7 orc priests
  2 gnoll boudas (D:8)
  3 hounds
  3 jellies
  Natasha (thrice) (D:2)
  An iguana (D:5)
  6 orc wizards
  Robin (D:3)
  15 gnolls
  7 adders
  A white imp (D:6)
  An ufetubus (D:5)
  2 worms (D:2)
  A dart slug (D:2)
  31 orcs
  7 endoplasms
  5 giant cockroaches
  9 goblins
  16 hobgoblins
  6 jackals (D:4)
  12 kobolds
  8 quokkas
  11 ball pythons
  5 bats
  5 frilled lizards
  13 rats
226 creatures vanquished.

Notes
Turn   | Place    | Note
-------+----------+-------------------------------------------
     0 | D:5      | AttackTheMoon the Human Delver began the quest for the Orb.
     0 | D:5      | Reached XP level 1. HP: 18/18 MP: 1/1
    11 | D:4      | Identified the +7 long sword of a bazaar {vorpal, rPois
                  | Will- Int+3 Dex+5}
    85 | D:5      | Noticed an iguana
    89 | D:5      | Noticed a centaur
    92 | D:5      | Killed an iguana
    93 | D:5      | Reached XP level 2. HP: 24/24 MP: 2/2
    93 | D:5      | Reached XP level 3. HP: 29/29 MP: 3/3
   404 | D:2      | Reached XP level 4. HP: 31/36 MP: 4/4
   685 | D:1      | Found a faded altar of an unknown god.
   686 | D:1      | Noticed a great orb of eyes
   691 | D:1      | Noticed a shining eye
   704 | D:1      | Noticed a great orb of eyes
   708 | D:1      | Noticed an eye of devastation
  1224 | D:2      | Reached XP level 5. HP: 42/42 MP: 5/5
  1288 | D:2      | Noticed Natasha
  1295 | D:2      | Killed Natasha
  1296 | D:2      | Reached skill level 4 in Fighting
  1336 | D:2      | Noticed Natasha
  1345 | D:2      | Killed Natasha
  1363 | D:2      | Noticed Natasha
  1371 | D:2      | Killed Natasha
  1524 | D:2      | Reached XP level 6. HP: 48/48 MP: 6/6
  1974 | D:3      | Found Ubryx's Weapon Emporium.
  2129 | D:3      | Found a runed translucent gate.
  2129 | D:3      | Found a runed translucent gate.
  2129 | D:3      | Found a runed translucent gate.
  2135 | D:3      | Noticed bigduke15's ghost (amateur TrFi)
  2148 | D:3      | Killed bigduke15's ghost
  2149 | D:3      | Reached XP level 7. HP: 33/55 MP: 7/7
  2615 | D:3      | Reached skill level 5 in Fighting
  2775 | D:3      | Found a shimmering blue altar of Sif Muna.
  2879 | D:4      | Noticed Robin
  2882 | D:3      | Killed Robin
  3342 | D:4      | Found an ornate altar of the Wu Jian Council.
  3417 | D:4      | Found an ancient bone altar of Kikubaaqudgha.
  3422 | D:4      | Noticed Duvessa
  3450 | D:4      | Noticed Dowan
  3468 | D:4      | Killed Duvessa
  3469 | D:4      | Reached skill level 5 in Long Blades
  3469 | D:4      | Reached skill level 5 in Dodging
  3470 | D:4      | Killed Dowan
  3471 | D:4      | Reached XP level 8. HP: 36/63 MP: 8/8
  3686 | D:4      | Found a transporter.
  3694 | D:4      | Identified a scroll of acquirement
  3694 | D:4      | Acquired 963 gold pieces
  3695 | D:4      | Noticed RogueRain17's ghost (novice MeCA)
  3714 | D:4      | Found a snail-covered altar of Cheibriados.
  3800 | D:4      | Found a transporter.
  3989 | D:5      | Acquired the +2 chain mail of the Vacuum {rPois rCorr Int+7
                  | Stlth-}
  4538 | D:5      | Reached skill level 1 in Spellcasting
  4621 | D:5      | Reached skill level 6 in Fighting
  4792 | D:5      | Reached skill level 1 in Armour
  5620 | D:5      | Reached skill level 1 in Summonings
  5620 | D:5      | Reached XP level 9. HP: 21/68 MP: 12/12
  6319 | D:6      | Found a staircase to the Ecumenical Temple.
  6326 | D:6      | Noticed Menkaure
  6330 | Temple   | Entered the Ecumenical Temple
  6559 | Temple   | Became a worshipper of Ashenzari the Shackled
  6838 | Temple   | Killed Menkaure
  7222 | D:6      | Noticed Sigmund
  7249 | D:6      | Killed Sigmund
  7406 | D:6      | Found a stormy altar of Qazlal.
  7665 | D:6      | Found a burning altar of Makhleb.
  7706 | D:6      | Noticed Maggie
  7721 | D:6      | Killed Maggie
  7722 | D:6      | Reached skill level 7 in Fighting
  8397 | D:7      | Reached XP level 10. HP: 72/79 MP: 15/15
  8522 | D:7      | Found an opulent altar of Gozag.
  8770 | D:7      | Identified the +0 ring mail "Zurajyus" {rC+ Regen+ Dex-4
                  | Stlth+}
  9010 | D:8      | Reached * piety under Ashenzari
  9053 | D:8      | Found a radiant altar of Vehumet.
  9085 | D:8      | Found a basalt altar of Yredelemnul.
  9465 | D:8      | Found a sparkling altar of Nemelex Xobeh.
  9930 | D:8      | Reached skill level 5 in Armour
 10542 | D:9      | Noticed a kobold demonologist
 10550 | D:9      | Reached ** piety under Ashenzari
 10551 | D:9      | HP: 2/75 [shadow imp/nerve-wracking pain[a kobold
                  | demonologist] (7)]
 10563 | D:9      | Noticed Prince Ribbit
 10566 | D:9      | HP: 1/75 [Prince Ribbit (4)]
 10570 | D:9      | Killed Prince Ribbit
 10571 | D:9      | Reached skill level 8 in Fighting
 10577 | D:9      | Killed from afar by an orc priest

Illustrated notes

Levels and vault maps discovered:
D:1:      roderic_dead_forest, layout_loops_cross,
          hellmonk_ecumenical_altar_watching_god, dk_noncrumbling_4,
          minmay_pentomino_w2
D:2:      layout_rooms, minmay_indecisive_spiral, uniq_natasha
D:3:      layout_basic, mainiacjoe_overflow_alcove_1, ebering_ghost_rock_garden,
          serial_shops, shop, dk_noncrumbling_2
D:4:      layout_rooms, mainiacjoe_overflow_catwalk,
          mainiacjoe_overflow_cross_hatched, old_standard_altar,
          gammafunk_ghost_arena, uniq_duvessa, uniq_robin
D:5:      layout_rooms, serial_co_window_serial, co_window_paths_b,
          co_window_of_opportunity_a, co_window_paths_b, co_window_paths_a,
          co_window_corner_a, co_window_corner_a, co_window_corner_a,
          co_window_corner_b, co_window_unsneaky_path_a, co_window_paths_c,
          co_window_4corner_a, co_window_paths_e, glass_columns_b,
          minmay_misc_feat_encased
D:6:      layout_rooms, grunt_qazlal_clouds, makhleb_grotto_becter,
          minmay_temple_entry_tees, serial_curves, eino_curves_01,
          eino_curves_02, eino_curves_02, eino_curves_04, uniq_menkaure,
          uniq_maggie, uniq_sigmund
D:7:      black_bear_nest_2, layout_cave_pools, amcnicky_altar_gilded,
          minmay_misc_feat_diagonals
D:8:      layout_loops_ring, nemelex_spade_bored_becter, minitemple
D:9:      layout_basic, enter_bailey_5, uniq_prince_ribbit1
Temple:   hellmonk_temple_two_chambers

Skill      XL: |  1  2  3  4  5  6  7  8  9 10 |
---------------+-------------------------------+-----
Long Blades    | 3 4 5 6 7 |  7.7
Dodging        | 3 4 5 |  5.8
Fighting       | 4 5 6 7 8 |  8.0
Spellcasting   | 2 3 4 |  4.9
Armour         | 2 4 5 |  5.2
Summonings     | 1 3 4 |  4.7
Stealth        | |  5.0

Action                   |  1- 3 |  4- 6 |  7- 9 | 10-12 || total
-------------------------+-------+-------+-------+-------++-------
Melee: Long sword        |    23 |   111 |   237 |   156 ||   527
       Falchion          |     1 |       |       |       ||     1
       Punch             |       |       |     3 |     6 ||     9
Throw: Javelin           |       |       |     2 |       ||     2
Invok: Curse Item        |       |       |     1 |     2 ||     3
Evoke: Wand              |       |       |     4 |       ||     4
  Use: Scroll            |     1 |     7 |    13 |     5 ||    26
       Potion            |       |       |     7 |     3 ||    10
 Stab: Sleeping          |     2 |    16 |     6 |       ||    24
       Distracted        |       |     2 |       |       ||     2
       Invisible         |       |       |     3 |       ||     3
Armor: Leather armour    |     9 |    15 |    27 |       ||    51
       Chain mail        |       |       |   150 |    78 ||   228
Dodge: Dodged            |    10 |    56 |   205 |    92 ||   363
